 Dungeon Crawl Stone Soup version 0.19.3-1-g3169bf9 (webtiles) character file.

308 ChocoTaco the Slasher (level 6, -2/37 HPs)
             Began as a Tengu Berserker on Jan 25, 2017.
             Was a Priest of Trog.
             Slain by a centaur (5 damage)
             ... on level 4 of the Dungeon.
             The game lasted 00:05:45 (3532 turns).

ChocoTaco the Slasher (Tengu Berserker)             Turns: 3532, Time: 00:05:46

Health: -2/37      AC:  8    Str: 19    XL:     6   Next: 40%
Magic:  4/7        EV:  9    Int:  8    God:    Trog [***...]
Gold:   79         SH:  0    Dex: 13    Spells: 0 memorised, 5 levels left

rFire  . . .     SeeInvis .     r - +0 long sword
rCold  . . .     Gourm    .     a - +0 chain mail
rNeg   . . .     Faith    .     (no shield)
rPois  .         Spirit   .     (helmet restricted)
rElec  .         Reflect  .     (no cloak)
rCorr  +         Harm     .     (no gloves)
MR     .....                    (boots unavailable)
Stlth  ..........               (no amulet)
                                (no ring)
                                h - ring of resist corrosion

@: exhausted, flying quickly and evasively, slowed, very slow
A: beak, talons 3, able to fly 1
a: Berserk, Trog's Hand, Burn Spellbooks, Renounce Religion


You were on level 4 of the Dungeon.
You worshipped Trog.
Trog was most pleased with you.
You were hungry.

You visited 1 branch of the dungeon, and saw 4 of its levels.

You collected 79 gold pieces.

Inventory:

Hand Weapons
 r - a +0 long sword (weapon)
Missiles
 e - 8 steel tomahawks (quivered)
Armour
 a - a +0 chain mail (worn)
Jewellery
 h - a ring of resist corrosion (left hand)
Wands
 o - a wand of acid (10/15)
 s - a wand of flame (15/48)
Scrolls
 f - 5 scrolls of identify {unknown}
 i - 2 scrolls of blinking {unknown}
 j - 2 scrolls of teleportation {unknown}
 m - 2 scrolls of amnesia {unknown}
 n - 2 scrolls of remove curse {unknown}
 v - a scroll of random uselessness {unknown}
Potions
 b - a potion of lignification {unknown}
 d - 3 potions of heal wounds {unknown}
 g - 2 potions of might {unknown}
 k - 2 potions of invisibility {unknown}
 l - a potion of brilliance {unknown}
 w - a potion of magic {unknown}
 x - a potion of flight {unknown}
Comestibles
 c - 6 bread rations
 p - 2 meat rations
 q - a beef jerky
 u - a royal jelly


   Skills:
 - Level 3.0 Fighting
 + Level 7.6 Long Blades
 - Level 2.1 Armour
 - Level 2.1 Dodging


You had 5 spell levels left.
You didn't know any spells.

Dungeon Overview and Level Annotations

Branches:
Dungeon (4/15)
 Temple: D:4-7

Altars:
Dithmenos
Uskayaw


Innate Abilities, Weirdness & Mutations

You have a beak for a mouth.
You have claws for feet.
You can fly.


Message History

You see here an arrow.
A centaur is nearby!
A centaur is nearby!
The centaur shoots an arrow.
The arrow hits you.
The centaur shoots an arrow.
The arrow hits you!
You see here 2 arrows.
You are too injured to fight recklessly!
The centaur shoots an arrow.
The arrow hits you!
You see here an arrow.
The centaur shoots an arrow.
The arrow hits you!
* * * LOW HITPOINT WARNING * * *
The centaur shoots an arrow.
The arrow hits you.
* * * LOW HITPOINT WARNING * * *
You see here 2 arrows.
You swoop lightly up into the air.
You feel very comfortable in the air.
You are feeling hungry.
The centaur shoots an arrow.
The arrow hits you but does no damage.
The centaur unwields an uncursed shortbow.
The centaur hits you.
You die...

.............# ..
.............### #..
...............##.#
.............#...#
.............#..##
.................#
.................##
..............((..#####.#
#.#####......##.(@c.....#
..# ##.....##..####...#
..# ##†#...##..# .
..#####..#...##.##
.................
.####....###..##. ##
#..#..###.# # #..##.# #.#
#.## #.# .


You could see a centaur.

Vanquished Creatures
  A bullfrog (D:4)
  A scorpion (D:4)
  An orc priest (D:3)
  Ijyb (D:3)
  An orc wizard (D:3)
  An adder (D:2)
  An ooze (D:3)
  2 worms
  3 dart slugs
  A leopard gecko (D:2)
  7 orcs (D:3)
  6 giant cockroaches
  14 goblins
  11 hobgoblins
  2 quokkas
  A ball python (D:1)
  12 bats
  6 frilled lizards
  A giant cockroach zombie (D:1)
  6 kobolds
  12 rats
91 creatures vanquished.

Notes
Turn   | Place    | Note
-------+----------+-------------------------------------------
     0 | D:1      | ChocoTaco the Tengu Berserker began the quest for the Orb.
     0 | D:1      | Reached XP level 1. HP: 14/14 MP: 2/2
    74 | D:1      | Reached XP level 2. HP: 19/19 MP: 3/3
   127 | D:1      | Reached skill level 4 in Long Blades
   767 | D:1      | Reached ** piety under Trog
   771 | D:1      | Reached XP level 3. HP: 10/23 MP: 4/4
  1231 | D:2      | Found a shadowy altar of Dithmenos.
  1233 | D:2      | Reached skill level 5 in Long Blades
  1729 | D:2      | Reached XP level 4. HP: 17/28 MP: 5/5
  2279 | D:3      | Reached *** piety under Trog
  2488 | D:3      | Reached skill level 6 in Long Blades
  2488 | D:3      | Gained mutation: You can fly. [Tengu growth]
  2488 | D:3      | Reached XP level 5. HP: 32/32 MP: 6/6
  2895 | D:3      | Found a hide-covered altar of Uskayaw.
  2904 | D:3      | Noticed Ijyb
  2907 | D:3      | Killed Ijyb
  3386 | D:3      | Received a gift from Trog
  3510 | D:4      | Reached skill level 7 in Long Blades
  3510 | D:4      | Reached XP level 6. HP: 37/37 MP: 7/7
  3532 | D:4      | Slain by a centaur

Skill      XL: |  1  2  3  4  5 |
---------------+----------------+-----
Long Blades    | 4 5 6 7 |  7.6
Fighting       | |  3.0
Armour         | |  2.1
Dodging        | |  2.1

Action                   |  1- 3 |  4- 6 || total
-------------------------+-------+-------++-------
Melee: Falchion          |    88 |    78 ||   166
       Kick              |    25 |    36 ||    61
       Peck              |    12 |    18 ||    30
       Long sword        |       |    21 ||    21
Invok: Berserk           |     1 |     4 ||     5
 Abil: Fly               |       |     1 ||     1
 Stab: Sleeping          |     1 |       ||     1
  Eat: Chunk             |     3 |     9 ||    12
       Pizza             |       |     1 ||     1
Armor: Animal skin       |     3 |       ||     3
       Ring mail         |    22 |    50 ||    72
       Chain mail        |       |     4 ||     4
Dodge: Dodged            |    50 |    74 ||   124
       Rpst.: Falchion   |    12 |    21 ||    33
       Long sword        |       |     4 ||     4
